 Dungeon Crawl Stone Soup version 0.23-a0-385-gb2d5814 (webtiles) character file.

37 Cryolive the Digger (level 3, 0/20 HPs)
             Began as a Gargoyle Earth Elementalist on Oct 27, 2018.
             Slain by a hobgoblin
             ... wielding a +0 club
              (2 damage)
             ... on level 2 of the Dungeon.
             The game lasted 00:02:29 (942 turns).

Cryolive the Digger (Gargoyle Earth Elementalist)    Turns: 942, Time: 00:02:29

Health: 0/20       AC:  5    Str: 11    XL:     3   Next: 39%
Magic:  3/6        EV: 12    Int: 16    God:
Gold:   40         SH:  0    Dex: 10    Spells: 2/6 levels left

rFire    . . .     SeeInvis .   e - +0 mace
rCold    . . .     Gourm    .   (no shield)
rNeg     + . .     Faith    .   c - +0 robe
rPois    ∞         Spirit   .   (no helmet)
rElec    +         Reflect  .   (no cloak)
rCorr    .         Harm     .   (no gloves)
MR       .....                  (no boots)
Stlth    ++........             (no amulet)
HPRegen  0.06/turn              (no ring)
MPRegen  0.10/turn              (no ring)

@: no status effects
A: negative energy resistance 1, electricity resistance, unbreathing,
petrification resistance, rot immunity, AC +3
a: no special abilities


You were on level 2 of the Dungeon.
You were not hungry.

You visited 1 branch of the dungeon, and saw 2 of its levels.

You collected 40 gold pieces.

Inventory:

Hand Weapons
 e - a +0 mace (weapon)
Missiles
 b - 121 stones (quivered)
Armour
 c - a +0 robe (worn)
Scrolls
 g - a scroll of random uselessness {unknown}
Potions
 a - 2 potions of curing {unknown}
 f - a potion of resistance {unknown}
 i - a potion of ambrosia {unknown}
 j - a potion of agility {unknown}
Comestibles
 d - 3 rations


   Skills:
 + Level 1.2 Fighting
 + Level 1.1 Armour
 + Level 1.9 Dodging
 - Level 2.1 Stealth
 + Level 2.3 Spellcasting
 + Level 0.0 Conjurations
   Level 0.7 Transmutations
 + Level 4.0 Earth Magic


You had 2 spell levels left.
You knew the following spells:

 Your Spells              Type           Power        Failure   Level  Hunger
a - Sandblast             Erth           ##....       3%          1    #......
b - Stone Arrow           Conj/Erth      #.....       26%         3    ###....

Your spell library contained the following spells:

 Spells                   Type           Power        Failure   Level  Hunger
 Passwall                 Tmut/Erth      #.......     12%         2    ###....
 Petrify                  Tmut/Erth      #.......     58%         4    #####..
 Lee's Rapid Deconstruct  Erth           ##........   71%         5    ######.


Dungeon Overview and Level Annotations

Branches:
Dungeon (2/15)

Altars:
Kikubaaqudgha
Uskayaw


Innate Abilities, Weirdness & Mutations

You are resistant to torment.
Your stone body is resilient. (AC +3)
You are immune to poison.
You resist negative energy. (rN+)
You are resistant to electric shocks. (rElec)
You can survive without breathing.
You are immune to petrification.
You are immune to rotting.


Message History

Confirm with . or Enter, or press ? or * to list all spells.
Aiming: Sandblast (safe; 3% risk of failure)
Press: ? - help, Shift-Dir - straight line, f - hobgoblin
Aim: a hobgoblin, wielding a +0 club and wearing a +0 ring mail (moderately The blast of sand hits the hobgoblin.
The hobgoblin is moderately wounded.
b - 122 stones The hobgoblin hits you with a +0 club.
* * * LOW HITPOINT WARNING * * *
Casting: Sandblast (safe; 3% risk of failure)
Confirm with . or Enter, or press ? or * to list all spells.
Aiming: Sandblast (safe; 3% risk of failure)
Press: ? - help, Shift-Dir - straight line, f/p - hobgoblin
Aim: a hobgoblin, wielding a +0 club and wearing a +0 ring mail (moderately The blast of sand hits the hobgoblin.
The hobgoblin is moderately wounded.
b - 121 stones Something bites the plant but does no damage.
The hobgoblin hits you with a +0 club.
You die...

...........#.P≈≈≈≈P#
####......#≈≈≈≈♣≈≈≈P#
#......)P≈♣♣♣♣≈P##
###......P≈P♣ ≈..#
#....)..P.PP♣ ≈.#
#........P≈♣♣♣♣≈P .#
#........PP≈≈P≈≈P
#.........P≈≈≈P≈P
#########@#.PPP.
#g#+####


Kr. ..... ....... ........# .........# ..........# You could see a hobgoblin, a
kobold and a rat.

Vanquished Creatures
  An adder (D:2)
  A worm (D:2)
  A dart slug (D:1)
  3 goblins
  3 hobgoblins
  2 jackals (D:1)
  5 kobolds (D:1)
  3 bats
  A frilled lizard (D:1)
  3 rats (D:1)
23 creatures vanquished.

Notes
Turn   | Place    | Note
-------+----------+-------------------------------------------
     0 | D:1      | Cryolive the Gargoyle Earth Elementalist began the quest
                  | for the Orb.
     0 | D:1      | Reached XP level 1. HP: 10/10 MP: 3/3
   358 | D:1      | Reached XP level 2. HP: 16/16 MP: 5/5
   836 | D:2      | Found a hide-covered altar of Uskayaw.
   836 | D:2      | Found an ancient bone altar of Kikubaaqudgha.
   886 | D:2      | Reached skill level 1 in Fighting
   886 | D:2      | Reached skill level 1 in Armour
   899 | D:2      | Reached skill level 4 in Earth Magic
   899 | D:2      | Reached XP level 3. HP: 12/20 MP: 3/6
   906 | D:2      | Learned a level 3 spell: Stone Arrow
   942 | D:2      | Slain by a hobgoblin

Vault maps used:
D:1:      dpeg_arrival_lava_temple_mockup
D:2:      gammafunk_temple_overflow_statue, serial_bayou_pond_c

Skill      XL: |  1  2 |
---------------+-------+-----
Fighting       | 1 |  1.2
Armour         | 1 |  1.1
Earth Magic    | 4 |  4.0
Dodging        | |  1.9
Stealth        | |  2.1
Spellcasting   | |  2.3
Transmutations | |  0.7

Action                   || total
-------------------------++-------
Melee: Mace              ||    63
 Cast: Sandblast         ||     7
 Stab: Sleeping          ||     1
Armor: Robe              ||    22
Dodge: Dodged            ||    60

Table legend:
 A = Non-vault XP
 B = Vault XP
 C = Vault XP percentage of total XP
 D = Non-vault monster count
 E = Vault monster count
 F = Vault count percentage of total count
                 A         B        C        D         E       F
            +---------+---------+-------+---------+---------+-------
      Total |      53 |       0 |   0.0 |      23 |       0 |   0.0
            +---------+---------+-------+---------+---------+-------
        D:1 |      30 |       0 |   0.0 |      18 |       0 |   0.0
        D:2 |      23 |       0 |   0.0 |       5 |       0 |   0.0
            +---------+---------+-------+---------+---------+-------
